[ PARTIDA AOE2 · #482935849 ]
1v1 RMGodos vs Lithuanians
Equipo del jugador · VICT
Equipo rival · DERR
[ ANÁLISIS DE REPETICIÓN · EXTRAÍDO DE LA PARTIDA GRABADA ]
Feudal
10:55
Castillos
24:56
Imperial
—
| APM promedio | 33.8 |
| APM pico | 111 |
| eAPM promedio | 21.9 |
| Aldeanos / militares | 144 / 208 |
Foco
⚔️ 38.4% · 🌾 61.6%
Spearman ×72 · Huskarl ×37 · Militia ×36 · Battering Ram ×23 · Archer ×13 · Petard ×10
Feudal
9:38
Castillos
21:20
Imperial
34:26
| APM promedio | 60.8 |
| APM pico | 111 |
| eAPM promedio | 27.4 |
| Aldeanos / militares | 102 / 65 |
Foco
⚔️ 25.3% · 🌾 74.7%
Knight ×27 · Monk ×18 · Militia ×9 · Spearman ×4 · Battering Ram ×4 · Scout Cavalry ×3
Mapa de la partida
Recursos iniciales + cada clic de construcción. Líneas = muros · curvas = relieve. ◆ oro · ⬟ piedra · ● bayas · ✦ reliquia · ◌ hueco del cierre
Tu base· ✓ Cerrada en 24:56 · 32t muro · 2 puerta(s)
Base de marozziagustin· Abierta — flanco sin cerrar
Terreno inicial suavizado · ◌ = hueco del cierre detectado · pasá el cursor para detalles
Inputs por minuto
— alberttoely.vaz - - marozziagustin
Build order — alberttoely.vaz
Primeras 150 de 486 acciones detectadas
| 0:01 | Crear | Villager (Male) |
| 0:02 | Crear | Villager (Male) |
| 0:02 | Crear | Villager (Male) |
| 0:02 | Crear | Villager (Male) |
| 0:02 | Crear | Villager (Male) |
| 0:02 | Crear | Villager (Male) |
| 0:05 | Construir | House |
| 0:08 | Construir | House |
| 1:33 | Crear | Villager (Male) |
| 1:33 | Crear | Villager (Male) |
| 1:33 | Crear | Villager (Male) |
| 1:59 | Construir | Lumber Camp |
| 2:07 | Crear | Villager (Male) |
| 2:08 | Crear | Villager (Male) |
| 2:28 | Crear | Villager (Male) |
| 2:28 | Crear | Villager (Male) |
| 2:59 | Crear | Villager (Male) |
| 3:00 | Crear | Villager (Male) |
| 3:04 | Construir | House |
| 3:19 | Crear | Villager (Male) |
| 3:19 | Crear | Villager (Male) |
| 3:51 | Crear | Villager (Male) |
| 3:51 | Crear | Villager (Male) |
| 3:52 | Crear | Villager (Male) |
| 4:38 | Crear | Villager (Male) |
| 4:38 | Crear | Villager (Male) |
| 5:09 | Construir | Mill |
| 5:21 | Crear | Villager (Male) |
| 5:21 | Crear | Villager (Male) |
| 5:43 | Crear | Villager (Male) |
| 5:43 | Crear | Villager (Male) |
| 5:43 | Crear | Villager (Male) |
| 6:56 | Construir | House |
| 7:03 | Construir | House |
| 7:14 | Crear | Villager (Male) |
| 7:14 | Crear | Villager (Male) |
| 7:15 | Crear | Villager (Male) |
| 7:18 | Investigar | Loom |
| 7:19 | Crear | Villager (Male) |
| 7:19 | Crear | Villager (Male) |
| 7:57 | Construir | Palisade Wall |
| 8:03 | Crear | Villager (Male) |
| 8:06 | Construir | Mining Camp |
| 8:14 | Investigar | Feudal Age |
| 8:54 | Construir | Barracks |
| 9:52 | Construir | Lumber Camp |
| 9:59 | Construir | Palisade Wall |
| 10:07 | Crear | Militia |
| 10:08 | Crear | Militia |
| 10:08 | Crear | Militia |
| 10:28 | Construir | House |
| 10:34 | Construir | Palisade Wall |
| 10:49 | Construir | House |
| 10:55 | Edad | Edad Feudal |
| 11:11 | Crear | Villager (Male) |
| 11:21 | Construir | Farm |
| 11:21 | Construir | Farm |
| 11:22 | Construir | Farm |
| 11:22 | Construir | Farm |
| 11:22 | Construir | Farm |
| 11:22 | Construir | Farm |
| 11:31 | Investigar | Man-at-Arms (upgrade) |
| 11:36 | Construir | Palisade Wall |
| 11:52 | Crear | Militia |
| 11:57 | Construir | Farm |
| 11:59 | Crear | Villager (Male) |
| 12:00 | Crear | Villager (Male) |
| 12:37 | Construir | Farm |
| 12:41 | Construir | House |
| 12:44 | Construir | Palisade Wall |
| 12:50 | Construir | Mill |
| 13:22 | Construir | House |
| 13:23 | Crear | Spearman |
| 13:24 | Crear | Spearman |
| 13:33 | Construir | House |
| 13:38 | Construir | House |
| 13:43 | Construir | House |
| 13:54 | Construir | Palisade Gate |
| 14:24 | Construir | House |
| 14:30 | Construir | Blacksmith |
| 14:38 | Investigar | Double-Bit Axe |
| 15:16 | Crear | Villager (Male) |
| 15:16 | Crear | Villager (Male) |
| 15:17 | Crear | Villager (Male) |
| 15:23 | Construir | Stable |
| 15:53 | Construir | Farm |
| 15:58 | Crear | Villager (Male) |
| 15:58 | Crear | Villager (Male) |
| 16:26 | Investigar | Scale Barding Armor |
| 16:27 | Investigar | Forging |
| 16:33 | Construir | House |
| 16:34 | Crear | Scout Cavalry |
| 16:35 | Crear | Scout Cavalry |
| 16:53 | Crear | Villager (Male) |
| 16:54 | Crear | Villager (Male) |
| 16:58 | Construir | Farm |
| 17:00 | Construir | Farm |
| 17:02 | Crear | Villager (Male) |
| 17:02 | Crear | Villager (Male) |
| 17:26 | Crear | Villager (Male) |
| 17:35 | Construir | Mining Camp |
| 17:40 | Crear | Scout Cavalry |
| 17:56 | Construir | Palisade Gate |
| 18:11 | Investigar | Horse Collar |
| 18:13 | Crear | Villager (Male) |
| 18:13 | Crear | Villager (Male) |
| 18:46 | Construir | House |
| 18:47 | Construir | House |
| 18:52 | Crear | Villager (Male) |
| 18:52 | Crear | Villager (Male) |
| 19:59 | Construir | Archery Range |
| 20:28 | Construir | Market |
| 21:06 | Crear | Archer |
| 21:06 | Crear | Archer |
| 21:07 | Crear | Archer |
| 21:08 | Crear | Archer |
| 21:52 | Construir | Archery Range |
| 22:08 | Construir | House |
| 22:16 | Investigar | Castle Age |
| 22:19 | Investigar | Wheelbarrow |
| 22:34 | Crear | Spearman |
| 22:45 | Construir | House |
| 22:46 | Construir | House |
| 22:48 | Construir | House |
| 22:50 | Construir | House |
| 22:51 | Construir | House |
| 23:22 | Crear | Villager (Male) |
| 23:22 | Crear | Villager (Male) |
| 23:22 | Crear | Villager (Male) |
| 23:31 | Construir | Farm |
| 23:32 | Construir | Farm |
| 23:49 | Crear | Archer |
| 23:49 | Crear | Archer |
| 23:50 | Crear | Archer |
| 23:52 | Crear | Spearman |
| 23:53 | Crear | Spearman |
| 24:04 | Investigar | Fletching |
| 24:22 | Construir | House |
| 24:30 | Construir | House |
| 24:33 | Construir | Palisade Wall |
| 24:42 | Crear | Spearman |
| 24:52 | Investigar | Padded Archer Armor |
| 24:56 | Edad | Edad de los Castillos |
| 25:09 | Investigar | Crossbowman (upgrade) |
| 25:32 | Investigar | Pikeman (upgrade) |
| 25:42 | Construir | Castle |
| 25:54 | Investigar | Squires |
| 26:02 | Investigar | Heavy Plow |
| 26:19 | Construir | Town Center |
| 26:35 | Investigar | Town Watch |
Build order — marozziagustin
Primeras 150 de 295 acciones detectadas
| 0:01 | Crear | Villager (Male) |
| 0:01 | Crear | Villager (Male) |
| 0:02 | Crear | Villager (Male) |
| 0:03 | Construir | House |
| 0:04 | Construir | House |
| 0:22 | Crear | Villager (Male) |
| 0:23 | Crear | Villager (Male) |
| 0:23 | Crear | Villager (Male) |
| 0:23 | Crear | Villager (Male) |
| 1:25 | Crear | Villager (Male) |
| 1:51 | Construir | Lumber Camp |
| 2:09 | Crear | Villager (Male) |
| 2:19 | Crear | Villager (Male) |
| 2:40 | Construir | House |
| 2:57 | Crear | Villager (Male) |
| 4:19 | Construir | House |
| 4:22 | Crear | Villager (Male) |
| 4:22 | Crear | Villager (Male) |
| 4:22 | Crear | Villager (Male) |
| 4:23 | Crear | Villager (Male) |
| 4:23 | Crear | Villager (Male) |
| 4:25 | Crear | Villager (Male) |
| 4:25 | Crear | Villager (Male) |
| 4:47 | Construir | Mill |
| 5:09 | Crear | Villager (Male) |
| 5:22 | Crear | Villager (Male) |
| 6:39 | Construir | Lumber Camp |
| 6:43 | Crear | Villager (Male) |
| 6:43 | Crear | Villager (Male) |
| 6:48 | Crear | Villager (Male) |
| 7:28 | Investigar | Feudal Age |
| 8:35 | Construir | Barracks |
| 8:37 | Construir | House |
| 8:43 | Construir | Palisade Wall |
| 9:38 | Edad | Edad Feudal |
| 9:40 | Construir | Stable |
| 9:46 | Crear | Villager (Male) |
| 9:49 | Investigar | Double-Bit Axe |
| 9:51 | Investigar | Horse Collar |
| 10:10 | Construir | Farm |
| 10:21 | Crear | Spearman |
| 10:24 | Crear | Scout Cavalry |
| 10:34 | Construir | Farm |
| 10:57 | Crear | Scout Cavalry |
| 11:06 | Construir | Farm |
| 11:12 | Construir | Farm |
| 11:16 | Construir | Farm |
| 11:20 | Construir | Farm |
| 11:26 | Construir | Farm |
| 11:29 | Crear | Scout Cavalry |
| 11:57 | Construir | Farm |
| 12:01 | Construir | Farm |
| 12:11 | Crear | Villager (Male) |
| 12:19 | Construir | Farm |
| 12:25 | Investigar | Bloodlines |
| 12:44 | Construir | Blacksmith |
| 12:51 | Crear | Villager (Male) |
| 12:53 | Construir | Farm |
| 13:35 | Investigar | Scale Barding Armor |
| 13:39 | Construir | Farm |
| 13:40 | Construir | Farm |
| 13:43 | Crear | Villager (Male) |
| 13:46 | Construir | Farm |
| 14:17 | Crear | Villager (Male) |
| 14:19 | Construir | Farm |
| 14:24 | Crear | Villager (Male) |
| 14:45 | Construir | House |
| 14:50 | Construir | House |
| 14:59 | Construir | Palisade Wall |
| 15:07 | Construir | Palisade Gate |
| 15:13 | Construir | Palisade Gate |
| 15:17 | Construir | Palisade Gate |
| 16:29 | Construir | Market |
| 16:42 | Investigar | Forging |
| 16:49 | Construir | Mining Camp |
| 17:02 | Construir | Farm |
| 17:03 | Construir | Farm |
| 17:10 | Construir | Farm |
| 17:27 | Crear | Villager (Male) |
| 18:01 | Construir | Palisade Gate |
| 18:40 | Investigar | Castle Age |
| 18:52 | Construir | House |
| 18:57 | Construir | House |
| 19:28 | Crear | Spearman |
| 19:33 | Construir | Palisade Wall |
| 19:45 | Construir | Palisade Wall |
| 20:29 | Construir | House |
| 20:32 | Construir | House |
| 20:44 | Construir | Palisade Gate |
| 21:12 | Construir | House |
| 21:20 | Edad | Edad de los Castillos |
| 21:38 | Construir | Town Center |
| 21:49 | Crear | Villager (Male) |
| 21:49 | Crear | Villager (Male) |
| 21:57 | Crear | Villager (Male) |
| 21:58 | Crear | Villager (Male) |
| 22:09 | Crear | Militia |
| 22:09 | Crear | Spearman |
| 22:35 | Crear | Villager (Male) |
| 22:35 | Crear | Villager (Male) |
| 22:40 | Crear | Villager (Male) |
| 22:44 | Investigar | Bow Saw |
| 22:53 | Crear | Spearman |
| 23:10 | Crear | Villager (Male) |
| 23:10 | Crear | Villager (Male) |
| 23:13 | Crear | Villager (Male) |
| 23:13 | Crear | Villager (Male) |
| 23:27 | Construir | Monastery |
| 23:30 | Crear | Villager (Male) |
| 23:33 | Crear | Villager (Male) |
| 23:43 | Crear | Villager (Male) |
| 23:50 | Crear | Villager (Male) |
| 23:50 | Crear | Villager (Male) |
| 23:53 | Investigar | Wheelbarrow |
| 24:00 | Construir | Farm |
| 24:14 | Construir | Farm |
| 24:15 | Crear | Monk |
| 24:35 | Construir | Farm |
| 24:43 | Crear | Villager (Male) |
| 24:43 | Crear | Villager (Male) |
| 24:57 | Crear | Villager (Male) |
| 25:28 | Investigar | Husbandry |
| 25:33 | Investigar | Scale Mail Armor |
| 25:46 | Investigar | Man-at-Arms (upgrade) |
| 25:46 | Crear | Militia |
| 25:46 | Crear | Militia |
| 25:51 | Crear | Villager (Male) |
| 25:52 | Crear | Villager (Male) |
| 25:56 | Crear | Monk |
| 26:49 | Construir | Town Center |
| 27:48 | Crear | Monk |
| 28:02 | Crear | Villager (Male) |
| 28:03 | Crear | Villager (Male) |
| 28:07 | Crear | Villager (Male) |
| 28:10 | Crear | Villager (Male) |
| 28:10 | Crear | Villager (Male) |
| 28:18 | Construir | Stable |
| 28:20 | Crear | Knight |
| 28:23 | Construir | Farm |
| 28:27 | Construir | Farm |
| 28:31 | Construir | Farm |
| 28:33 | Crear | Villager (Male) |
| 28:49 | Crear | Villager (Male) |
| 28:50 | Crear | Villager (Male) |
| 28:51 | Crear | Monk |
| 28:55 | Construir | House |
| 28:56 | Construir | House |
| 28:58 | Construir | House |
| 29:02 | Crear | Villager (Male) |
| 29:02 | Crear | Villager (Male) |
Cronología de la partida
| 7:57 | alberttoely.vaz · wall_segment Palisade Wall x1 |
| 8:35 | marozziagustin · first_building Barracks |
| 8:43 | marozziagustin · wall_segment Palisade Wall x10 |
| 8:54 | alberttoely.vaz · first_building Barracks |
| 9:38 | marozziagustin · age_up feudal |
| 9:40 | marozziagustin · first_building Stable |
| 9:59 | alberttoely.vaz · wall_segment Palisade Wall x3 |
| 10:34 | alberttoely.vaz · wall_segment Palisade Wall x17 |
| 10:55 | alberttoely.vaz · age_up feudal |
| 11:36 | alberttoely.vaz · wall_segment Palisade Wall x5 |
| 12:44 | alberttoely.vaz · wall_segment Palisade Wall x5 |
| 14:59 | marozziagustin · wall_segment Palisade Wall x1 |
| 15:23 | alberttoely.vaz · first_building Stable |
| 18:25 | marozziagustin · first_market_sell 100 wood |
| 19:33 | marozziagustin · wall_segment Palisade Wall x1 |
| 19:45 | marozziagustin · wall_segment Palisade Wall x1 |
| 19:59 | alberttoely.vaz · first_building Archery Range |
| 21:20 | marozziagustin · age_up castle |
| 21:36 | marozziagustin · first_market_buy 100 wood |
| 22:13 | alberttoely.vaz · first_market_buy 100 food |
| 23:27 | marozziagustin · first_building Monastery |
| 24:33 | alberttoely.vaz · wall_segment Palisade Wall x1 |
| 24:56 | alberttoely.vaz · age_up castle |
| 25:29 | alberttoely.vaz · first_market_sell 100 wood |
| 25:42 | alberttoely.vaz · first_building Castle |
| 28:22 | alberttoely.vaz · first_building Siege Workshop |
| 31:42 | marozziagustin · first_building Castle |
| 31:51 | alberttoely.vaz · wall_segment Palisade Wall x1 |
| 34:26 | marozziagustin · age_up imperial |
| 34:37 | marozziagustin · first_building Siege Workshop |
| 37:53 | alberttoely.vaz · first_building Monastery |
| 48:26 | alberttoely.vaz · wall_segment Palisade Wall x1 |
| 48:43 | alberttoely.vaz · wall_segment Palisade Wall x1 |
| 48:45 | alberttoely.vaz · wall_segment Palisade Wall x1 |
| 55:53 | marozziagustin · resign |
[ ANÁLISIS IA · 1 CRÉDITO ]
¿Qué pasó realmente en esta partida?
Wolo.gg analiza cada decisión: build order, eco, micro, errores típicos por bracket. Análisis personalizado por WhatsApp o Discord en 30 segundos.
Guía civ
Godos
Guía mapa
Arabia
Perfil
alberttoely.vaz